 Dungeon Crawl Stone Soup version 0.19.5 (webtiles) character file.

17946 Inarius the Cleaver (level 12, 0/108 HPs)
             Began as a Minotaur Fighter on May 5, 2017.
             Was an Elder of Nemelex Xobeh.
             Slain by a meliai
             ... wielding a +0 broad axe
              (6 damage)
             ... on level 13 of the Dungeon.
             The game lasted 00:44:51 (10338 turns).

Inarius the Cleaver (Minotaur Fighter)             Turns: 10338, Time: 00:44:53

Health: 0/108      AC: 17    Str: 21    XL:     12   Next: 23%
Magic:  13/15      EV: 12    Int:  8    God:    Nemelex Xobeh [****..]
Gold:   765        SH: 16    Dex: 24    Spells: 0 memorised, 11 levels left

rFire  . . .     SeeInvis .     D - +5 broad axe (freeze)
rCold  . . .     Gourm    .     M - +1 plate armour {MR+}
rNeg   . . .     Faith    .     c - +0 shield
rPois  +         Spirit   .     (helmet restricted)
rElec  .         Reflect  +     u - +2 cloak {rPois}
rCorr  .         Harm     .     v - +0 pair of gloves
MR     +....     Rnd*Rage +     (no boots)
Stlth  ..........               X - +3 amulet of reflection
                                J - +5 ring of dexterity
                                b - +5 ring of slaying

@: agile
A: retaliatory headbutt, horns 2, talons 1, rugged brown scales 1, berserk 1,
blurry vision 1, clever 1, deformed body, low mp 1, shaggy fur 1, MP-powered
wands
a: Triple Draw, Deal Four, Renounce Religion


You were on level 13 of the Dungeon.
You worshipped Nemelex Xobeh.
Nemelex Xobeh was greatly pleased with you.
You were not hungry.

You visited 1 branch of the dungeon, and saw 13 of its levels.

You collected 765 gold pieces.

Inventory:

Hand Weapons
 k - the +0 dagger "Beastslayer" {flame, Dex+2}
   (You found it on level 8 of the Dungeon)

   It has been specially enchanted to burn those struck by it, causing extra
   injury to most foes and up to half again as much damage against particularly
   susceptible opponents.
   It affects your dexterity (+2).
 D - a +5 broad axe of freezing (weapon)
 R - the +10 war axe of Jimeo {vamp, rF++, unknown}
   (You found it on level 12 of the Dungeon)

   It inflicts no extra harm, but heals its wielder when it wounds a living foe.
   It greatly protects you from fire.
Armour
 c - a +0 shield (worn)
 u - a +2 cloak of poison resistance (worn)
 v - a +0 pair of gloves (worn)
 M - a +1 plate armour of magic resistance (worn)
Jewellery
 b - a +5 ring of slaying (left hand)
 y - an uncursed ring of flight
 J - a +5 ring of dexterity (right hand)
 X - a +3 amulet of reflection (around neck)
Wands
 o - a wand of random effects (25/48)
 r - a wand of flame (7/48)
 s - a wand of flame (6/48)
 t - a wand of polymorph (19/24)
 I - a wand of random effects (40/48)
 S - a wand of iceblast (15/15)
 U - a wand of acid (6/15)
 Z - a wand of polymorph (16/24)
Scrolls
 g - 2 scrolls of fog
 h - 4 scrolls of remove curse
 m - 2 scrolls of amnesia
 n - 2 scrolls of blinking
 z - 3 scrolls of teleportation
 B - a scroll of fear
 C - a scroll of random uselessness {unknown}
 G - 3 scrolls of recharging
 V - a scroll of magic mapping
Potions
 d - 5 potions of might
 e - 2 potions of flight
 p - 2 potions of curing
 w - a potion of resistance
 K - 3 potions of brilliance
Miscellaneous
 a - a plain deck of summoning
 j - a legendary deck of summoning
 q - a plain deck of destruction
 x - a plain deck of summoning
 F - a plain deck of escape
 L - a plain deck of destruction
 O - an ornate deck of destruction
 P - a plain deck of destruction
 Q - a plain deck of destruction
 T - a legendary deck of summoning
Comestibles
 f - 6 bread rations
 i - 2 beef jerkies
 l - 5 chunks of flesh
 E - 3 slices of pizza
 H - 11 royal jellies
 N - 2 meat rations


   Skills:
 + Level 9.4 Fighting
 - Level 4.2 Short Blades
 + Level 12.4(12.5) Axes
   Level 2.7(8.6) Maces & Flails
 + Level 10.5 Armour
 + Level 2.4 Dodging
 + Level 2.1 Stealth
 + Level 10.7 Shields
 * Level 8.7 Invocations


You had 11 spell levels left.
You didn't know any spells.

Dungeon Overview and Level Annotations

Branches:
Dungeon (13/15)            Temple (0/1) D:4            Lair (0/6) D:8
    Orc (0/2) D:9
 Vaults: D:13-14

Altars:
Ashenzari
Fedhas
Gozag
Makhleb
Nemelex Xobeh
Qazlal
Ru
Sif Muna
Xom
Zin
The Shining One

Shops:
D:4 }   D:6 [


Innate Abilities, Weirdness & Mutations

You reflexively headbutt those who attack you in melee.
You have a pair of horns on your head.
You have sharp toenails.
You are partially covered in rugged brown scales. (AC +1, +3% HP)
You tend to lose your temper in combat.
Scrolls take you a little longer to read.
Your mind is acute. (Int +2)
Armour fits poorly on your strangely shaped body.
Your magical capacity is low. (-10% MP)
You are covered in fur. (AC +1)
You expend magic power (3 MP) to strengthen your wands.


Message History

The meliai stings you but does no damage.
The meliai closely misses you. You furiously retaliate!
You headbutt the meliai. You block the meliai's attack. x2
The meliai stings you but does no damage.
The meliai calls upon its god to heal the meliai.
The meliai's wounds heal themselves!
The meliai calls down the wrath of its god upon you.
Something smites you!
* * * LOW HITPOINT WARNING * * *
Things that are here:
a giant club; a giant spiked club You feel better.
You block the meliai's attack. x2
The meliai hits you with a vampiric war axe!
* * * LOW HITPOINT WARNING * * *
The meliai closely misses you. You block the meliai's attack.
The meliai stings you.
* * * LOW HITPOINT WARNING * * *
You block the meliai's attack. The meliai stings you.
You die...
Your body disappears without a glow.

#################################
............[.....o...o..........
........########@yu.oo........o..
#.......# #yy....o....####..
#.......# #...........# #..
#....(..# #...........# #..
#.......# #...........# #..
#.......# #...........# #..
#.......# #...........# #..
#.......# #...........# #..
#.......# #...........#


You could see a cyan ugly thing, an orc warrior, 3 meliai, an orc wizard and 3
orcs.

Vanquished Creatures
  Erolcha (D:9)
  3 hill giants
  An ugly thing (D:12)
  A manticore (D:12)
  A cyclops (D:11)
  Maurice (D:9)
  A two-headed ogre (D:13)
  7 hippogriffs
  A meliai zombie (D:11)
  A shadow (D:11)
  A vampire (D:11)
  A wyvern (D:9)
  Eustachio (D:4)
  9 yaks
  A wraith (D:10)
  3 hungry ghosts
  Menkaure (D:5)
  Edmund (D:4)
  A mottled dragon (D:12)
  4 sky beasts
  3 black bears
  2 orc warriors
  2 ice beasts
  4 phantoms
  2 eyes of draining
  A necrophage (D:11)
  4 ogres
  8 centaurs
  A big kobold (D:11)
  8 bullfrogs
  A wyvern zombie (D:10)
  A wyvern skeleton (D:12)
  4 scorpions
  A water moccasin skeleton (D:8)
  9 killer bees
  9 wights
  4 howler monkeys
  11 crimson imps
  4 hounds
  5 orc priests
  4 bullfrog skeletons
  2 centaur zombies
  5 jellies
  A quasit (D:10)
  Crazy Yiuf (D:5)
  3 centaur skeletons
  7 orc wizards
  4 iguanas
  10 worker ants
  A hound zombie (D:5)
  A hound skeleton (D:8)
  7 gnolls
  10 adders
  3 river rats (D:8)
  3 shadow imps
  5 oozes (D:9)
  An adder skeleton (D:8)
  A worm (D:2)
  A dart slug (D:4)
  11 leopard geckos
  21 orcs
  5 giant cockroaches
  3 goblins
  9 hobgoblins
  9 jackals
  7 quokkas
  4 ball pythons
  11 bats
  10 frilled lizards
  13 kobolds
  2 leopard gecko skeletons (D:4)
  12 rats
  2 fungi (D:8)
314 creatures vanquished.

Vanquished Creatures (collateral kills)
  Gastronok (D:8)
  Urug (D:10)
  Psyche (D:9)
  A troll (D:10)
  3 yaks (D:12)
  An ice beast (D:9)
  An orc warrior (D:9)
  A phantom (D:12)
  An ogre (D:10)
  A centaur (D:11)
  A gnoll sergeant (D:11)
  2 killer bees
  A wight (D:9)
  A howler monkey (D:10)
  A jelly (D:10)
  An orc wizard (D:9)
  An adder (D:11)
  A gnoll (D:11)
  2 orcs (D:9)
23 creatures vanquished.

Vanquished Creatures (others)
  A centaur warrior (D:12)
  A centaur (D:11)
  2 orcs (D:12)
  A fungus (D:8)
5 creatures vanquished.

Grand Total: 342 creatures vanquished

Notes
Turn   | Place    | Note
-------+----------+-------------------------------------------
     0 | D:1      | Inarius the Minotaur Fighter began the quest for the Orb.
     0 | D:1      | Reached XP level 1. HP: 19/19 MP: 0/0
   145 | D:1      | Reached XP level 2. HP: 27/27 MP: 1/1
   488 | D:2      | Reached XP level 3. HP: 25/33 MP: 2/2
   603 | D:2      | Reached skill level 3 in Axes
   643 | D:2      | Found a faded altar of an unknown god.
   966 | D:2      | Reached skill level 1 in Short Blades
   966 | D:2      | Reached XP level 4. HP: 40/40 MP: 3/3
  1280 | D:3      | Noticed a phantom
  1349 | D:3      | Killed a phantom
  1349 | D:3      | Reached XP level 5. HP: 47/47 MP: 4/4
  1605 | D:3      | Found a glowing silver altar of Zin.
  1760 | D:4      | Noticed Edmund
  1803 | D:4      | Killed Edmund
  1803 | D:4      | Reached skill level 5 in Shields
  1803 | D:4      | Reached XP level 6. HP: 37/53 MP: 5/5
  1819 | D:4      | Found Kawnilel's Gadget Shop.
  1864 | D:4      | Reached skill level 5 in Armour
  1879 | D:4      | Noticed Eustachio
  1884 | D:5      | Entered Level 5 of the Dungeon
  2030 | D:4      | Reached XP level 7. HP: 59/60 MP: 6/6
  2062 | D:4      | Killed Eustachio
  2062 | D:4      | Reached skill level 5 in Fighting
  2062 | D:4      | Reached skill level 1 in Maces & Flails
  2206 | D:4      | Found a sacrificial altar of Ru.
  2243 | D:4      | Found a sparkling altar of Nemelex Xobeh.
  2274 | D:4      | Became a worshipper of Nemelex Xobeh the Trickster
  2296 | D:4      | Received a gift from Nemelex Xobeh
  2355 | D:4      | Found a staircase to the Ecumenical Temple.
  2441 | D:4      | Reached skill level 1 in Invocations
  2536 | D:4      | Reached skill level 1 in Dodging
  2602 | D:4      | Reached XP level 8. HP: 69/69 MP: 8/8
  2777 | D:4      | Found a burning altar of Makhleb.
  2866 | D:4      | Received a gift from Nemelex Xobeh
  3054 | D:5      | Reached * piety under Nemelex Xobeh
  3061 | D:5      | Noticed Menkaure
  3064 | D:5      | Killed Menkaure
  3109 | D:5      | Gained mutation: You are covered in fur. (AC +1) [mutagenic meat]
  3110 | D:5      | Gained mutation: You are partially covered in rugged brown scales. (AC +1, +3% HP) [mutagenic meat]
  3111 | D:5      | Gained mutation: You expend magic power (3 MP) to strengthen your wands. [mutagenic meat]
  3112 | D:5      | Gained mutation: You have sharp toenails. [mutagenic meat]
  3113 | D:5      | Gained mutation: Your mind is acute. (Int +2) [mutagenic meat]
  3114 | D:5      | Gained mutation: Armour fits poorly on your strangely shaped body. [mutagenic meat]
  3299 | D:5      | Found a runed door.
  3303 | D:5      | Noticed Crazy Yiuf
  3306 | D:5      | Killed Crazy Yiuf
  3463 | D:5      | Received a gift from Nemelex Xobeh
  3474 | D:5      | Reached skill level 4 in Axes
  3783 | D:5      | Found an opulent altar of Gozag.
  4033 | D:6      | Received a gift from Nemelex Xobeh
  4154 | D:6      | Reached ** piety under Nemelex Xobeh
  4172 | D:6      | Reached skill level 5 in Axes
  4770 | D:6      | Found Amyhist's Antique Armour Shoppe.
  4794 | D:7      | Received a gift from Nemelex Xobeh
  4797 | D:7      | Found a stormy altar of Qazlal.
  4819 | D:7      | Reached XP level 9. HP: 73/77 MP: 11/11
  5113 | D:7      | Received a gift from Nemelex Xobeh
  5532 | D:8      | Reached skill level 6 in Axes
  5761 | D:8      | Reached *** piety under Nemelex Xobeh
  5829 | D:8      | Received a gift from Nemelex Xobeh
  5908 | D:8      | Noticed Gastronok
  5922 | D:8      | Killed Gastronok
  5922 | D:8      | Reached skill level 7 in Axes
  5922 | D:8      | Reached skill level 5 in Invocations
  5922 | D:8      | Reached XP level 10. HP: 10/88 MP: 11/13
  6140 | D:8      | Reached skill level 8 in Axes
  6245 | D:8      | Found a staircase to the Lair.
  6248 | D:8      | Got an encrusted dagger
  6249 | D:8      | Identified the cursed +0 dagger "Beastslayer" {flame, Dex+2} (You found it on level 8 of the Dungeon)
  6286 | D:8      | Gained mutation: You tend to lose your temper in combat. [mutagenic meat]
  6316 | D:8      | Received a gift from Nemelex Xobeh
  6401 | D:8      | Found a blossoming altar of Fedhas.
  6532 | D:9      | Noticed Erolcha
  6542 | D:9      | Killed Erolcha
  6751 | D:9      | Reached skill level 9 in Axes
  6906 | D:9      | Found a glowing golden altar of the Shining One.
  6922 | D:9      | Found a deep blue altar of Sif Muna.
  6931 | D:9      | Found a staircase to the Orcish Mines.
  6940 | D:9      | Noticed Psyche
  6943 | D:9      | Reached **** piety under Nemelex Xobeh
  6948 | D:9      | Killed Psyche
  6989 | D:9      | Reached skill level 1 in Stealth
  6991 | D:9      | Reached skill level 10 in Axes
  7198 | D:9      | Received a gift from Nemelex Xobeh
  7267 | D:9      | Noticed Maurice
  7273 | D:9      | Killed Maurice
  7426 | D:9      | Received a gift from Nemelex Xobeh
  7505 | D:9      | Reached XP level 11. HP: 96/96 MP: 15/15
  7542 | D:9      | Found a shimmering altar of Xom.
  7542 | D:9      | Found a faded altar of an unknown god.
  7547 | D:9      | Found a faded altar of an unknown god.
  7549 | D:9      | Found a faded altar of an unknown god.
  7550 | D:9      | Found a faded altar of an unknown god.
  7697 | D:9      | Found a shattered altar of Ashenzari.
  7767 | D:10     | Entered Level 10 of the Dungeon
  7778 | D:10     | Noticed Urug
  7794 | D:10     | Killed Urug
  8347 | D:11     | Noticed a hill giant
  8574 | D:11     | Killed a hill giant
  8698 | D:11     | Found a shimmering altar of Xom.
  8719 | D:11     | Received a gift from Nemelex Xobeh
  8739 | D:11     | Reached skill level 11 in Axes
  8739 | D:11     | Reached skill level 10 in Armour
  8760 | D:11     | Reached skill level 10 in Shields
  9708 | D:12     | Got an iridescent war axe
  9717 | D:12     | Noticed a hill giant
  9723 | D:12     | Killed a hill giant
  9758 | D:12     | Noticed a purple ugly thing
  9765 | D:12     | Killed a purple ugly thing
  9780 | D:12     | Gained mutation: Your magical capacity is low. (-10% MP) [mutagenic meat]
  9782 | D:12     | Gained mutation: Scrolls take you a little longer to read. [mutagenic meat]
  9789 | D:12     | Reached XP level 12. HP: 100/107 MP: 15/15
  9811 | D:12     | Reached skill level 12 in Axes
  9843 | D:12     | Received a gift from Nemelex Xobeh
 10010 | D:12     | Found a glowing silver altar of Zin.
 10100 | D:12     | Noticed a centaur warrior
 10104 | D:12     | Killed a centaur warrior
 10338 | D:13     | Slain by a meliai

Skill      XL: |  1  2  3  4  5  6  7  8  9 10 11 12 |
---------------+-------------------------------------+-----
Fighting       | 4 5 6 7 8 9 |  9.4
Shields        | 4 5 6 7 8 9 10 | 10.7
Armour         | 4 5 6 7 8 9 10 | 10.5
Axes           | 3 5 7 10 11 12 | 12.4
Short Blades   | 1 2 3 4 |  4.2
Maces & Flails | 2 |  2.7
Invocations    | 2 4 5 6 8 |  8.7
Dodging        | 1 2 |  2.4
Stealth        | 1 2 |  2.1

Action                   |  1- 3 |  4- 6 |  7- 9 | 10-12 || total
-------------------------+-------+-------+-------+-------++-------
Melee: War axe           |    25 |       |       |       ||    25
       Headbutt          |    13 |    32 |    44 |    72 ||   161
       Short sword       |    59 |   134 |       |       ||   193
       Flail             |       |    25 |    37 |       ||    62
       Hand axe          |       |       |   162 |   176 ||   338
       Kick              |       |       |    50 |   132 ||   182
       Quarterstaff      |       |       |     7 |       ||     7
       Dagger            |       |       |       |     5 ||     5
       Broad axe         |       |       |       |   144 ||   144
Evoke: Deck              |       |       |     2 |    11 ||    13
  Use: Scroll            |       |       |     5 |    22 ||    27
       Potion            |       |       |       |     7 ||     7
 Stab: Distracted        |       |       |       |     3 ||     3
       Petrified         |       |       |       |     2 ||     2
  Eat: Chunk             |       |     4 |    18 |    18 ||    40
       Meat ration       |       |       |       |     1 ||     1
       Beef jerky        |       |       |       |     1 ||     1
Armor: Scale mail        |    16 |       |       |       ||    16
       Chain mail        |    20 |    68 |    70 |    13 ||   171
       Plate armour      |       |       |       |   123 ||   123
Dodge: Dodged            |    26 |    18 |    45 |    71 ||   160
Block: Shield            |    46 |    63 |    97 |   261 ||   467
       Reflection        |       |       |       |    23 ||    23
